 Dungeon Crawl Stone Soup version 0.31-a0-1204-ge2c1a860ed (webtiles) character file.

Game seed: 14392939175934309253

162 jasper the Digger (level 5, -7/24 HPs)
             Began as a Spriggan Earth Elementalist on Dec 12, 2023.
             Mangled by a gnoll
             ... wielding a +6 flail
              (11 damage)
             ... on level 5 of the Dungeon.
             The game lasted 00:04:14 (3282 turns).

jasper the Digger (Spriggan Earth Elementalist)     Turns: 3282, Time: 00:04:14

Health: -7/24      AC:  3    Str:  4    XL:     5   Next: 19%
Magic:  5/10       EV: 17    Int: 18    God:
Gold:   148        SH:  0    Dex: 16    Spells: 4/10 levels left

rFire   . . .        j - +2 whip (spect)
rCold   . . .        (no shield)
rNeg    . . .        a - +1 robe
rPois   .            (helmet restricted)
rElec   .            (no cloak)
rCorr   .            (gloves unavailable)
SInv    +            (boots unavailable)
Will    .....        (no amulet)
Stlth   ++           (no ring)
HPRegen 0.24/turn    (no ring)
MPRegen 0.12/turn

%: no passive effects
@: very slightly contaminated, very quick
A: very small, no large weapons, unfitting armour, see invisible, speed 3
a: no special abilities


You were on level 5 of the Dungeon.
You visited 1 branch of the dungeon, and saw 5 of its levels.

You collected 148 gold pieces.

Inventory:

Hand Weapons
 f - a +0 dagger
 j - a +2 spectral whip (weapon)
Missiles
 c - 9 poisoned darts
 e - 67 stones
 l - a throwing net
Armour
 a - a +1 robe (worn)
Jewellery
 n - an amulet of guardian spirit
Wands
 p - a wand of polymorph (8)
Scrolls
 g - a scroll of teleportation
Potions
 b - a potion of magic
 d - 2 potions of curing {unknown}
 h - a potion of enlightenment {unknown}
 i - 3 potions of heal wounds
 k - 2 potions of brilliance {unknown}
 m - a potion of ambrosia {unknown}
 o - a potion of invisibility {unknown}


   Skills:
 - Level 2.6 Dodging
 - Level 3.0 Stealth
 - Level 3.0 Spellcasting
 - Level 1.3 Transmutations
 + Level 5.3 Earth Magic


You had 4 spell levels left.
You knew the following spells:

 Your Spells              Type           Power      Damage    Failure   Level
a - Sandblast             Erth           42%        2d11      1%          1
b - Passwall              Tmut/Erth      11%        N/A       6%          2
c - Stone Arrow           Conj/Erth      24%        3d8       16%         3

Your spell library contained the following spells:

 Spells                   Type           Power      Damage    Failure   Level
 Petrify                  Tmut/Erth      14%        N/A       38%         4
 Animate Armour           Summ/Erth      24%        N/A       47%         4
 Brom's Barrelling Bould  Conj/Erth      12%        2d4       47%         4
 Lehudib's Crystal Spear  Conj/Erth      6%         10d3      100%        8


Dungeon Overview and Level Annotations

Branches:
Dungeon (5/15)
 Temple: D:4-7

Altars:
Makhleb

Shops:
D:4 ?

Annotations:
D:4 1 runed translucent door


Innate Abilities, Weirdness & Mutations

You are very small and have problems with some larger weapons.
You are too small for most types of armour.
You have supernaturally acute eyesight. (SInv)
You cover ground extremely quickly. (Speed+++)


Message History

The blast of sand hits the orc wizard!
You kill the orc wizard!
You now have 9/10 mp.
Aiming: Sandblast (safe; 1% risk of failure)
Press: ? - help, Q - select action, (/) - cycle Shift-Dir - straight line, f - gnoll
Aim: a gnoll, wielding a +6 flail (85% to hit)
The blast of sand hits the gnoll!
The gnoll is heavily wounded.
You now have 8/10 mp.
Aiming: Sandblast (safe; 1% risk of failure)
Press: ? - help, Q - select action, (/) - cycle Shift-Dir - straight line, f/p - gnoll
Aim: a gnoll, wielding a +6 flail (heavily wounded, 85% to hit)
The blast of sand hits the gnoll.
The gnoll is almost dead.
You now have 7/10 mp.
Aiming: Sandblast (safe; 1% risk of failure)
Press: ? - help, Q - select action, (/) - cycle Shift-Dir - straight line, f/p - gnoll
Aim: a gnoll, wielding a +6 flail (almost dead, 85% to hit)
You miscast Sandblast.
You are very lightly contaminated with residual magic.
Nothing appears to happen.
The gnoll hits you with a +6 flail!
You take 11 damage, and have 13/24 hp.
MASSIVE DAMAGE!!
You now have 6/10 mp.
The gnoll hits you with a +6 flail!
* * * LOW HITPOINT WARNING * * *
You climb downwards.
There is a stone staircase leading up here.
You take 9 damage, and have 4/24 hp.
MASSIVE DAMAGE!!
Aiming: Sandblast (safe; 1% risk of failure)
Press: ? - help, Q - select action, (/) - cycle Shift-Dir - straight line, f - gnoll
Aim: a gnoll, wielding a +6 flail (almost dead, 85% to hit)
The blast of sand hits the gnoll.
The gnoll is almost dead.
The gnoll completely misses you. The gnoll misses you.
Aiming: Sandblast (safe; 1% risk of failure)
Press: ? - help, Q - select action, (/) - cycle Shift-Dir - straight line, f/p - gnoll
Aim: a gnoll, wielding a +6 flail (almost dead, 85% to hit)
The blast of sand misses the gnoll.
The gnoll hits you with a +6 flail!
You die...

# .
###.#....
#@.......
##g......
#.#.#..
## #


You could see a gnoll.

Vanquished Creatures
  2 orc wizards (D:4)
  2 adders
  A worm (D:2)
  3 dart slugs
  8 orcs
  8 bats
  5 endoplasms
  5 giant cockroaches
  6 goblins
  7 hobgoblins
  8 jackals
  4 kobolds
  A quokka (D:1)
  3 ball pythons
  A frilled lizard (D:1)
  7 rats
71 creatures vanquished.

Notes
Turn   | Place    | Note
-------+----------+-------------------------------------------
     0 | D:1      | jasper the Spriggan Earth Elementalist began the quest for
                  | the Orb.
     0 | D:1      | Reached XP level 1. HP: 9/9 MP: 5/5
    83 | D:1      | Found a faded altar of an unknown god.
   155 | D:1      | Reached skill level 3 in Earth Magic
   281 | D:1      | Reached XP level 2. HP: 13/13 MP: 5/7
   284 | D:1      | Learned a level 2 spell: Passwall
   937 | D:1      | Reached XP level 3. HP: 16/16 MP: 3/8
  1162 | D:1      | Learned a level 3 spell: Stone Arrow
  1381 | D:2      | Reached skill level 4 in Earth Magic
  1452 | D:2      | Found a burning altar of Makhleb.
  2124 | D:3      | Reached XP level 4. HP: 21/21 MP: 3/9
  3099 | D:4      | Found a runed translucent door.
  3158 | D:4      | Reached skill level 5 in Earth Magic
  3161 | D:4      | Reached XP level 5. HP: 24/24 MP: 4/10
  3168 | D:4      | Found Vesecvuq's Magic Scroll Shop.
  3280 | D:5      | Entered Level 5 of the Dungeon
  3282 | D:5      | Mangled by a gnoll

Illustrated notes

Levels and vault maps discovered:
D:1:      dpeg_arrival_stone_temple_mockup, layout_loops_corners,
          shapermc_ecumenical_altar_mp_ritualfount
D:2:      layout_loops_ring, basic_altar
D:3:      layout_basic
D:4:      layout_cave_pools, serial_shops, shop, portal_sewer_entry_e,
          ebering_ghost_sewer_d, uniq_pikel, uniq_duvessa
D:5:      layout_cave_pools, serial_shops, shop, uniq_blork_the_orc,
          uniq_eustachio

Skill      XL: |  1  2  3  4 |
---------------+-------------+-----
Spellcasting   | 3 |  3.0
Earth Magic    | 3 4 5 |  5.3
Dodging        | |  2.6
Stealth        | |  3.0
Transmutations | |  1.3

Action                     |  1- 3 |  4- 6 || total
---------------------------+-------+-------++-------
  Melee: Whip              |       |     9 ||     9
         Dagger            |       |     2 ||     2
   Cast: Sandblast         |    64 |    44 ||   108
    Use: Scroll            |     5 |     3 ||     8
 Armour: Robe              |     4 |    21 ||    25
  Dodge: Dodged            |    10 |    35 ||    45

Table legend: (Time is in decaauts)
 A = Elapsed time spent in this place.
 B = Non-inter-level travel time spent in this place.
 C = Inter-level travel time spent in this place.
 D = Time resting spent in this place.
 E = Time spent auto-exploring this place.
 F = Levels seen in this place.
 G = Mean time per level.
                   A        B        C        D        E       F      G
               +--------+--------+--------+--------+--------+-----+--------+
         Total |   2457 |   2399 |     58 |     61 |   1977 |   5 |  491.4 |
       Dungeon |   2457 |   2399 |     58 |     61 |   1977 |   5 |  491.4 |
               +--------+--------+--------+--------+--------+-----+--------+

Top non-repeatable levels by time:
     D:1: 881 daAuts
     D:3: 826 daAuts
     D:2: 676 daAuts
     D:4: 70 daAuts
     D:5: 2 daAuts
